 Dungeon Crawl Stone Soup version 0.23-a0-639-ga9a3373 (console) character file.

101 Duffy the Magician (level 4, 0/30 HPs)
             Began as a Demonspawn Fire Elementalist on Dec 29, 2018.
             Slain by an orc warrior
             ... wielding a +0 mace
              (16 damage)
             ... on level 3 of the Dungeon.
             The game lasted 00:02:17 (3032 turns).

Duffy the Magician (Demonspawn Fire Elementalist)   Turns: 3032, Time: 00:02:17

Health: 0/30       AC:  7    Str:  8    XL:     4   Next: 48%
Magic:  1/8        EV: 12    Int: 18    God:
Gold:   173        SH:  0    Dex: 13    Spells: 1/9 levels left

rFire    . . .     SeeInvis .   d - +0 mace
rCold    . . .     Gourm    .   (no shield)
rNeg     . . .     Faith    .   a - +0 robe
rPois    .         Spirit   .   (no helmet)
rElec    .         Reflect  .   (no cloak)
rCorr    .         Harm     .   (no gloves)
MR       .....                  (no boots)
Stlth    ++........             (no amulet)
HPRegen  0.10/turn              v - +5 ring of protection
MPRegen  0.11/turn              (no ring)

@: no status effects
A: powered by death 1
a: no special abilities


You were on level 3 of the Dungeon.
You were not hungry.

You visited 1 branch of the dungeon, and saw 3 of its levels.

You collected 173 gold pieces.

Inventory:

Hand Weapons
 d - a +0 mace (weapon)
Armour
 a - a +0 robe (worn)
Jewellery
 v - a +5 ring of protection (left hand)
Scrolls
 b - 6 scrolls of identify {unknown}
 g - a scroll of enchant weapon {unknown}
 h - 2 scrolls of magic mapping {unknown}
 j - 2 scrolls of enchant armour {unknown}
 k - a scroll of teleportation {unknown}
 m - 2 scrolls of blinking {unknown}
 o - a scroll of random uselessness {unknown}
 q - a scroll of amnesia {unknown}
 r - a scroll of fear {unknown}
 s - a scroll of remove curse {unknown}
Potions
 e - 2 potions of degeneration {unknown}
 f - a potion of resistance {unknown}
 i - a potion of cancellation {unknown}
 l - 2 potions of mutation {unknown}
 n - 3 potions of might {unknown}
 p - a potion of curing {unknown}
 t - a potion of lignification {unknown}
 u - a potion of brilliance {unknown}
Comestibles
 c - 4 rations
 w - 2 chunks of flesh


   Skills:
 - Level 1.7 Dodging
 - Level 1.7 Stealth
 + Level 3.2 Spellcasting
 + Level 2.9 Conjurations
 - Level 3.0 Fire Magic


You had one spell level left.
You knew the following spells:

 Your Spells              Type           Power        Failure   Level  Hunger
h - Flame Tongue          Conj/Fire      ##...        4%          1    None
j - Sticky Flame          Conj/Fire      ##......     43%         4    ####...
l - Conjure Flame         Conj/Fire      ##......     14%         3    ###....

Your spell library contained the following spells:

 Spells                   Type           Power        Failure   Level  Hunger
 Magic Dart               Conj           ##..         4%          1    None
 Throw Flame              Conj/Fire      ##....       7%          2    ##.....
 Blink                    Tloc           N/A          24%         2    ##.....
 Call Imp                 Summ           #.......     24%         2    ##.....
 Slow                     Hex            #.......     24%         2    ##.....
 Inner Flame              Hex/Fire       #.......     26%         3    ###....
 Mephitic Cloud           Conj/Pois/Air  #.......     32%         3    ###....
 Fireball                 Conj/Fire      ##........   78%         5    ######.


Dungeon Overview and Level Annotations

Branches:
Dungeon (3/15)

Altars:
Makhleb

Annotations:
D:3 2 runed doors, Phong's ghost, amateur KoFE


Innate Abilities, Weirdness & Mutations

You regenerate a little health from kills.


Message History

Press: ? - help, Shift-Dir - straight line, f/p - orc warrior
Aim: an orc warrior, wielding a +0 mace and wearing a +0 chain mail (heavily The flame tongue hits the orc warrior.
The orc warrior appears unharmed.
The orc warrior is heavily wounded.
The orc warrior hits you with a +0 mace!
Ouch! That really hurt!
Casting: Flame Tongue (safe; 4% risk of failure)
Confirm with . or Enter, or press ? or * to list all spells.
Aiming: Flame Tongue (safe; 4% risk of failure)
Press: ? - help, Shift-Dir - straight line, f/p - orc warrior
Aim: an orc warrior, wielding a +0 mace and wearing a +0 chain mail (heavily The flame tongue hits the orc warrior.
The orc warrior is severely wounded.
Casting: Flame Tongue (safe; 4% risk of failure)
Confirm with . or Enter, or press ? or * to list all spells.
You don't have enough magic to cast that spell.
You aren't carrying any items that you can evoke.
The orc warrior hits you with a +0 mace!
Ouch! That really hurt!
You die...

### ##.## ##.#.## ##
##.###.###### .# #.##
##.@oo.# .#
##.###.####.# ## .#
####.#.#####.###...##
.#
#.........##%.)......
.#
#.###.###.######...##
## #.# #.# #.# ## #.#
#.# #.# #.# #.# #.#
#.# #.# #.# ##+##


You could see an orc warrior and an orc.

Vanquished Creatures
  An orc wizard (D:3)
  2 adders (D:2)
  An ooze (D:2)
  2 dart slugs
  2 leopard geckos
  An orc (D:3)
  A ball python (D:3)
  4 giant cockroaches
  4 goblins
  6 hobgoblins
  8 kobolds
  7 bats
  5 frilled lizards (D:1)
  5 rats
49 creatures vanquished.

Notes
Turn   | Place    | Note
-------+----------+-------------------------------------------
     0 | D:1      | Duffy the Demonspawn Fire Elementalist began the quest for
                  | the Orb.
     0 | D:1      | Reached XP level 1. HP: 13/13 MP: 3/3
   100 | D:1      | Gained mutation: You regenerate a little health from kills.
                  | [demonic ancestry]
   100 | D:1      | Reached XP level 2. HP: 6/19 MP: 0/5
  1485 | D:2      | Found a burning altar of Makhleb.
  1494 | D:2      | Reached XP level 3. HP: 22/24 MP: 1/6
  1503 | D:2      | Learned a level 3 spell: Conjure Flame
  2409 | D:3      | Noticed Phong's ghost (amateur KoFE)
  2410 | D:3      | Found a large runed door.
  2410 | D:3      | Found a large runed door.
  2427 | D:3      | Reached XP level 4. HP: 28/30 MP: 5/8
  2478 | D:3      | Learned a level 4 spell: Sticky Flame
  3018 | D:3      | Noticed an orc warrior
  3032 | D:3      | Slain by an orc warrior

Vault maps used:
D:1:      lightli_arrival_boilingwater, minmay_pentomino_s4
D:2:      nicolae_overflow_crystal_walls
D:3:      ebering_ghost_disaster_area

Skill      XL: |  1  2  3 |
---------------+----------+-----
Fire Magic     | 3 |  3.0
Conjurations   | 2 |  2.9
Spellcasting   | 3 |  3.2
Dodging        | |  1.7
Stealth        | |  1.7

Action                   |  1- 3 |  4- 6 || total
-------------------------+-------+-------++-------
Melee: Mace              |    25 |       ||    25
 Cast: Flame Tongue      |    66 |    17 ||    83
  Eat: Chunk             |     5 |     2 ||     7
Armor: Robe              |    16 |       ||    16
Dodge: Dodged            |    39 |     3 ||    42

Table legend:
 A = Non-vault XP
 B = Vault XP
 C = Vault XP percentage of total XP
 D = Non-vault monster count
 E = Vault monster count
 F = Vault count percentage of total count
                 A         B        C        D         E       F
            +---------+---------+-------+---------+---------+-------
      Total |     142 |       3 |   2.1 |      46 |       3 |   6.1
            +---------+---------+-------+---------+---------+-------
        D:1 |      33 |       3 |   8.3 |      21 |       3 |  12.5
        D:2 |      54 |       0 |   0.0 |      15 |       0 |   0.0
        D:3 |      55 |       0 |   0.0 |      10 |       0 |   0.0
            +---------+---------+-------+---------+---------+-------
